 Dungeon Crawl Stone Soup version 0.21-a0-258-g4c0eb85 (webtiles) character file.

3661 Gorice the Basher (level 10, -2/71 HPs)
             Began as a Gnoll Berserker on Sept 5, 2017.
             Was a High Priest of Trog.
             Slain by a two-headed ogre
             ... wielding a +0 giant club
              (21 damage)
             ... on level 8 of the Dungeon on Sept 6, 2017.
             The game lasted 00:31:29 (10767 turns).

Gorice the Basher (Gnoll Berserker)                Turns: 10767, Time: 00:31:29

Health: -2/71      AC: 17    Str:  7    XL:     10   Next: 12%
Magic:  10/10      EV:  1    Int:  7    God:    Trog [*****.]
Gold:   464        SH:  0    Dex:  7    Spells: 9/9 levels left

rFire    . . .     SeeInvis .   a - +0 flail
rCold    . . .     Gourm    +   (no shield)
rNeg     . . .     Faith    .   p - +1 plate armour
rPois    .         Spirit   .   (no helmet)
rElec    .         Reflect  .   (no cloak)
rCorr    .         Harm     .   (no gloves)
MR       .....                  x - +0 pair of boots
Stlth    ..........             G - amulet of the gourmand
HPRegen  0.21/turn              (no ring)
MPRegen  0.12/turn              (no ring)

@: no status effects
A: unchanging attributes, fangs 1, strong nose
a: Berserk, Trog's Hand, Brothers in Arms, Burn Spellbooks, Renounce Religion


You were on level 8 of the Dungeon.
You worshipped Trog.
Trog was extremely pleased with you.
You were very full.

You visited 2 branches of the dungeon, and saw 9 of its levels.

You collected 464 gold pieces.

Inventory:

Hand Weapons
 a - a +0 flail (weapon)
 t - a +1 mace
Missiles
 d - 48 bolts
 s - 24 sling bullets
 y - 5 needles of sleeping
 I - 3 steel javelins
 J - 12 tomahawks (quivered)
 M - 5 tomahawks of returning
 Y - a throwing net
 Z - 178 stones
Armour
 b - a +0 animal skin
 f - a +0 buckler
 g - a +0 ring mail
 p - a +1 plate armour (worn)
 v - a +0 chain mail
 x - a +0 pair of boots (worn)
Jewellery
 u - an uncursed ring of magical power
 G - an amulet of the gourmand (around neck)
Wands
 w - a wand of random effects (33/48)
 F - a wand of paralysis (11/24)
Scrolls
 j - 3 scrolls of enchant armour
 l - 9 scrolls of remove curse
 q - a scroll of enchant weapon
 E - 2 scrolls of teleportation {!r}
 H - a scroll of magic mapping {!r}
Potions
 e - 2 potions of might {!q}
 h - 6 potions of heal wounds {!q}
 m - a potion of brilliance {!q}
 n - 2 potions of flight
 o - 2 potions of lignification {!q}
 r - a potion of ambrosia {unknown}
 A - a potion of cancellation {unknown}
 C - a potion of degeneration {unknown}
Books
 B - the Almanac of Freezing Glamour
   (You found it on level 4 of the Dungeon)

   Spells                             Type                      Level
   a - Throw Icicle                   Conjuration/Ice              4
   b - Fulminant Prism                Conjuration/Hexes            4
   c - Simulacrum                     Ice/Necromancy               6
   Trog disapproves of the use of such an item.
 D - a book of Callings
 K - a book of Debilitation
Comestibles
 c - 6 bread rations {!e}
 i - 4 meat rations {!e}
 k - 6 fruits
 z - 3 royal jellies
 L - a chunk of flesh


   Skills:
 + Level 4.0 Fighting
 - Level 14.2 Maces & Flails
 + Level 11.6 Armour
 - Level 2.6 Dodging
 + Level 0.6 Shields


You had 9 spell levels left.
You didn't know any spells.

Dungeon Overview and Level Annotations

Branches:
Dungeon (8/15)             Temple (1/1) D:4
   Lair: D:8-11

Altars:
Ashenzari
Cheibriados
Dithmenos
Elyvilon
Fedhas
Hepliaklqana
Kikubaaqudgha
Makhleb
Nemelex Xobeh
Okawaru
Qazlal
Ru
Trog
Uskayaw
Vehumet
Wu Jian
Xom
Yredelemnul
Zin


Innate Abilities, Weirdness & Mutations

Your physical attributes are unchanging.
You have very sharp teeth.
Your uncanny sense of smell can sniff out nearby items.


Message History

You completely miss the howler monkey.
The howler monkey is lightly wounded.
The howler monkey hits you.
Damage: 5 (max 5)
You hit the howler monkey.
The howler monkey is moderately wounded.
The howler monkey hoots and howls with incredible vigour!
You hear two shouts!
You completely miss the howler monkey.
The howler monkey is moderately wounded.
Your plate armour prevents you from hitting the howler monkey.
The howler monkey is moderately wounded.
The howler monkey hits you but does no damage.
Your plate armour prevents you from hitting the howler monkey.
The howler monkey is moderately wounded.
The howler monkey hits you.
* * * LOW HITPOINT WARNING * * *
Damage: 5 (max 5)
You are too injured to fight recklessly!
You are too injured to fight recklessly!
You are too injured to fight recklessly!
You are too injured to fight recklessly!
You hit the howler monkey.
The howler monkey is moderately wounded.
The howler monkey hits you but does no damage.
You sock the howler monkey!
The howler monkey is severely wounded.
The howler monkey hits you but does no damage.
Your plate armour prevents you from hitting the howler monkey.
The howler monkey is severely wounded.
The howler monkey hits you but does no damage.
Your plate armour prevents you from hitting the howler monkey.
The howler monkey is severely wounded.
The howler monkey hoots and howls with incredible vigour!
Your plate armour prevents you from hitting the howler monkey.
You bite the howler monkey, but do no damage.
The howler monkey is severely wounded.
You sock the howler monkey!
You kill the howler monkey!
Trog accepts your kill.
You see here a howler monkey corpse.
You butcher the howler monkey corpse.
L - a chunk of flesh A two-headed ogre comes into view.
It is wielding a giant club and a giant spiked club.
You see here a howler monkey corpse.
You butcher the howler monkey corpse.
The two-headed ogre hits you with a giant club!!
* * * LOW HITPOINT WARNING * * *
The two-headed ogre hits you with a giant spiked club!!
You die...

#####.# .#
..))))#### .#
.#####...# .#
.#
#.#.########.#
.#
#.#..........#
.#
#.#########..#
.. #.#### #..#
##
#.##....###..#
∆#.# #....@.#
#.# ######O#
.# ##


You could see a two-headed ogre.

Vanquished Creatures
  A two-headed ogre (D:8)
  Psyche (D:7)
  Grinder (D:6)
  Menkaure (D:6)
  A water moccasin (D:8)
  2 ice beasts (D:8)
  6 ogres
  A centaur (D:7)
  Blork the orc (D:6)
  A bullfrog (D:6)
  A scorpion (D:4)
  3 howler monkeys
  A bullfrog zombie (D:6)
  2 jellies (D:7)
  2 orc priests
  2 bullfrog skeletons
  4 hounds
  5 orc wizards
  A centaur skeleton (D:6)
  A gnoll shaman (D:8)
  3 iguanas
  7 worker ants
  Natasha (thrice) (D:4)
  A killer bee zombie (D:6)
  8 gnolls
  12 adders
  2 shadow imps
  An ooze (D:1)
  6 worms
  A dart slug (D:1)
  5 leopard geckos
  26 orcs
  4 ball pythons
  8 bats
  2 giant cockroaches
  5 goblins
  7 hobgoblins
  28 jackals
  8 kobolds
  5 quokkas
  7 frilled lizards
  A leopard gecko skeleton (D:4)
  3 rats
191 creatures vanquished.

Vanquished Creatures (others)
  A sky beast (D:7)
1 creature vanquished.

Grand Total: 192 creatures vanquished

Notes
Turn   | Place    | Note
-------+----------+-------------------------------------------
     0 | D:1      | Gorice the Gnoll Berserker began the quest for the Orb.
     0 | D:1      | Reached XP level 1. HP: 19/19 MP: 1/1
   127 | D:1      | Reached skill level 3 in Armour
   127 | D:1      | Reached XP level 2. HP: 24/25 MP: 2/2
   444 | D:1      | Reached skill level 5 in Maces & Flails
   459 | D:1      | Reached XP level 3. HP: 26/30 MP: 3/3
  1061 | D:2      | Reached ** piety under Trog
  1070 | D:2      | HP: 9/30 [poisoned by an adder]
  1076 | D:2      | HP: 8/30 [poisoned by an adder]
  1379 | D:2      | Reached XP level 4. HP: 19/37 MP: 4/4
  1392 | D:2      | Reached skill level 6 in Maces & Flails
  2102 | D:2      | Reached skill level 4 in Armour
  2284 | D:3      | Noticed an ogre
  2292 | D:3      | Killed an ogre
  2292 | D:3      | Reached skill level 7 in Maces & Flails
  2292 | D:3      | Reached XP level 5. HP: 42/42 MP: 5/5
  2743 | D:3      | Reached skill level 5 in Armour
  2743 | D:3      | Reached XP level 6. HP: 27/48 MP: 6/6
  3261 | D:3      | Reached *** piety under Trog
  3398 | D:3      | Reached skill level 8 in Maces & Flails
  4171 | D:4      | Identified the Almanac of Freezing Glamour
  4278 | D:4      | Reached skill level 6 in Armour
  4278 | D:4      | Reached XP level 7. HP: 39/54 MP: 7/7
  4436 | D:4      | Reached skill level 9 in Maces & Flails
  4743 | D:4      | Noticed Natasha
  4764 | D:4      | Killed Natasha
  4787 | D:4      | Found a staircase to the Ecumenical Temple.
  4798 | Temple   | Entered the Ecumenical Temple
  5105 | D:4      | Noticed Natasha
  5121 | D:4      | Killed Natasha
  5131 | D:4      | Noticed Natasha
  5145 | D:4      | Killed Natasha
  5212 | D:4      | HP: 14/54 [ogre/giant spiked club (6)]
  5218 | D:4      | HP: 12/54 [ogre/giant spiked club (15)]
  5220 | D:4      | HP: 1/54 [ogre/giant spiked club (11)]
  5815 | D:4      | Reached skill level 10 in Maces & Flails
  5815 | D:4      | Reached XP level 8. HP: 60/60 MP: 8/8
  6068 | D:5      | Entered Level 5 of the Dungeon
  6076 | D:5      | Found a sparkling altar of Nemelex Xobeh.
  6342 | D:5      | Reached skill level 7 in Armour
  6346 | D:5      | Upgraded the game from 0.21-a0-251-g5e8393f to 0.21-a0-258-g4c0eb85
  6694 | D:5      | Reached **** piety under Trog
  7217 | D:6      | Noticed Blork the orc
  7251 | D:6      | Killed Blork the orc
  7253 | D:6      | Reached skill level 11 in Maces & Flails
  7416 | D:6      | Noticed Grinder
  7417 | D:6      | Paralysed by Grinder for 4 turns
  7430 | D:6      | Killed Grinder
  7430 | D:6      | Reached skill level 8 in Armour
  7496 | D:6      | Noticed Menkaure
  7561 | D:6      | Killed Menkaure
  7593 | D:6      | Reached skill level 12 in Maces & Flails
  7603 | D:6      | Found a hide-covered altar of Uskayaw.
  7672 | D:6      | Reached XP level 9. HP: 56/65 MP: 9/9
  7910 | D:6      | Reached skill level 9 in Armour
  9813 | D:8      | Reached skill level 13 in Maces & Flails
  9862 | D:8      | Noticed Psyche
  9897 | D:7      | Killed Psyche
  9897 | D:7      | Reached skill level 10 in Armour
  9984 | D:8      | Found an ancient bone altar of Kikubaaqudgha.
 10036 | D:8      | Noticed a two-headed ogre
 10050 | D:8      | Killed a two-headed ogre
 10050 | D:8      | Reached skill level 11 in Armour
 10050 | D:8      | Reached XP level 10. HP: 53/71 MP: 10/10
 10283 | D:8      | Reached skill level 14 in Maces & Flails
 10507 | D:8      | Reached ***** piety under Trog
 10767 | D:8      | Noticed a two-headed ogre
 10767 | D:8      | HP: 19/71 [two-headed ogre/giant club (18)]
 10767 | D:8      | Slain by a two-headed ogre

Vault maps used:
D:1:      ncdulo_lavacross
D:3:      first_bread, serial_bayou_pond_c
D:4:      minmay_temple_entry_overgrown, uniq_natasha
D:5:      nemelex_lonely_heart_becter
D:6:      minmay_ruined_shrine, uniq_blork_the_orc, uniq_menkaure, uniq_grinder
D:7:      minivault_4
D:8:      basic_altar, uniq_psyche
Temple:   hc_temple_tempest_star

Skill      XL: |  1  2  3  4  5  6  7  8  9 10 |
---------------+-------------------------------+-----
Armour         | 3 4 5 6 8 11 | 11.6
Maces & Flails | 5 7 8 10 12 13 14 | 14.2
Fighting       | |  4.0
Dodging        | |  2.6
Shields        | |  0.6

Action                   |  1- 3 |  4- 6 |  7- 9 | 10-12 || total
-------------------------+-------+-------+-------+-------++-------
Melee: Mace              |   150 |   184 |       |       ||   334
       Bite              |     4 |    22 |    26 |     4 ||    56
       Flail             |       |   250 |   771 |    95 ||  1116
Throw: Stone             |       |     8 |    31 |       ||    39
       Tomahawk          |       |       |    22 |       ||    22
Invok: Berserk           |     1 |     6 |    11 |     2 ||    20
Evoke: Wand              |       |       |     2 |       ||     2
  Use: Scroll            |     7 |     5 |     7 |       ||    19
       Potion            |       |       |     2 |       ||     2
  Eat: Chunk             |     1 |    14 |    34 |     6 ||    55
       Royal jelly       |       |     1 |     1 |       ||     2
Armor: Ring mail         |    35 |       |       |       ||    35
       Plate armour      |    68 |   363 |   635 |    47 ||  1113
Dodge: Dodged            |    48 |    16 |    26 |     4 ||    94

Table legend:
 A = Spawn XP
 B = Non-spawn XP
 C = Spawn XP percentage of total XP
 D = Spawn monster count
 E = Non-spawn monster count
 F = Spawn count percentage of total count
 G = Total turns spent on level
                    A         B        C        D         E        F      G
               +---------+---------+-------+---------+---------+-------+---------
         Total |     283 |    4947 |   5.4 |      32 |     159 |  16.8 | 10767
               +---------+---------+-------+---------+---------+-------+---------
           D:1 |       2 |      37 |   5.1 |       1 |      18 |   5.3 |   608
           D:2 |      38 |      72 |  34.5 |       7 |      17 |  29.2 |  1609
           D:3 |     166 |     179 |  48.1 |      17 |      20 |  45.9 |  1840
           D:4 |      40 |     694 |   5.4 |       5 |      19 |  20.8 |  1739
           D:5 |       0 |     267 |   0.0 |       0 |      14 |   0.0 |  1175
           D:6 |      37 |    1239 |   2.9 |       2 |      36 |   5.3 |  1409
           D:7 |       0 |     851 |   0.0 |       0 |      20 |   0.0 |  1210
           D:8 |       0 |    1608 |   0.0 |       0 |      15 |   0.0 |   905
               +---------+---------+-------+---------+---------+-------+---------

Table legend:
 A = Turns spent in this place as a percentage of turns spent in the entire game.
 B = Non-inter-level travel turns spent in this place as a percentage of non-inter-level travel turns spent in the entire game.
 C = Inter-level travel turns spent in this place as a percentage of turns spent in this place.
 D = Turns resting spent in this place as a percentage of non-inter-level travel turns spent in this place.
 E = Turns spent auto-exploring this place as a percentage of non-inter-level travel turns spent in this place.
 F = Non-inter-level travel turns spent in this place divided by the number of levels of this place that you've seen.
                   A       B       C       D       E      F
               +-------+-------+-------+-------+-------+----------------------
         Total | 100.0 | 100.0 |   1.8 |  36.6 |  30.8 | 1174.2
       Dungeon |  97.5 |  97.7 |   1.6 |  37.4 |  29.2 | 1290.4
        Temple |   2.5 |   2.3 |   9.9 |   0.0 |  98.8 | 245.0
               +-------+-------+-------+-------+-------+----------------------

Vault maps used:
D:1:      ncdulo_lavacross
D:3:      first_bread, serial_bayou_pond_c
D:4:      minmay_temple_entry_overgrown, uniq_natasha
D:5:      nemelex_lonely_heart_becter
D:6:      minmay_ruined_shrine, uniq_blork_the_orc, uniq_menkaure, uniq_grinder
D:7:      minivault_4
D:8:      basic_altar, uniq_psyche
Temple:   hc_temple_tempest_star
